[Event "Netanya Open 2019"]
[Site "Netanya"]
[Date "2019.07.01"]
[Round "8.10"]
[White "Rozentalis, Eduardas"]
[Black "Bronstein, Or"]
[Result "1-0"]
[ECO "B51"]
[WhiteElo "2540"]
[BlackElo "2378"]
[Annotator "ChessBase"]
[PlyCount "83"]
[EventDate "2019.06.23"]
[EventType "swiss"]
[EventCountry "ISR"]
[SourceTitle "playchess.com"]
[Source "ChessBase"]
[SourceQuality "1"]
[TimeControl "40/5400+30:1800+30"]

1. e4 c5 2. Nf3 d6 3. Bb5+ Nd7 4. d4 cxd4 5. Qxd4 a6 6. Bxd7+ Bxd7 7. Nc3 Rc8 8. e5 dxe5 9. Nxe5 Bc6 10. Qxd8+ Rxd8 11. Nxc6 bxc6 12. Ne4 e6 13. Bd2 Nf6 14. Nxf6+ gxf6 15. Bc3 Be7 16. Rd1 Rd5 17. Ke2 Rg8 18. g3 h5 19. Rd4 Rxd4 20. Bxd4 h4 21. Rd1 hxg3 22. fxg3 f5 23. Rd3 Rg4 24. b3 f6 25. Bf2 e5 26. h3 Rg8 27. c4 Rh8 28. h4 Rh7 29. c5 Rh8 30. b4 Kf7 31. Rd7 Rb8 32. Be1 a5 33. bxa5 Rb2+ 34. Rd2 Rb4 35. h5 Ra4 36. Rd7 Rxa2+ 37. Bd2 Ra3 38. h6 Rxg3 39. a6 Rg8 40. h7 Ra8 41. a7 Rh8 42. Rb7 1-0

[Event "Netanya Open 2019"]
[Site "Netanya"]
[Date "2019.07.01"]
[Round "8.11"]
[White "Huzman, Alexander"]
[Black "Birnboim, Nathan"]
[Result "1/2-1/2"]
[ECO "A10"]
[WhiteElo "2588"]
[BlackElo "2379"]
[Annotator "ChessBase"]
[PlyCount "50"]
[EventDate "2019.06.23"]
[EventType "swiss"]
[EventCountry "ISR"]
[SourceTitle "playchess.com"]
[Source "ChessBase"]
[SourceQuality "1"]
[TimeControl "40/5400+30:1800+30"]

1. Nf3 e6 2. c4 f5 3. g3 Nf6 4. Bg2 Nc6 5. O-O Bd6 6. d4 O-O 7. Nc3 a6 8. e4 Nxe4 9. Nxe4 fxe4 10. Ng5 Be7 11. Nxe4 d5 12. cxd5 exd5 13. Nc3 Be6 14. Re1 Bf7 15. Bf4 Qd7 16. Rc1 Rac8 17. Bf3 Rce8 18. Bg4 Qd8 19. Na4 Bb4 20. Rxe8 Rxe8 21. Be3 Na5 22. b3 Ba3 23. Rc3 Bb4 24. Rc1 Ba3 25. Rc3 Bb4 1/2-1/2

[Event "Netanya Open 2019"]
[Site "Netanya"]
[Date "2019.07.01"]
[Round "8.12"]
[White "Krayz, Alexander"]
[Black "Kogan, Arthur"]
[Result "1-0"]
[ECO "B44"]
[WhiteElo "2377"]
[BlackElo "2535"]
[Annotator "ChessBase"]
[PlyCount "183"]
[EventDate "2019.06.23"]
[EventType "swiss"]
[EventCountry "ISR"]
[SourceTitle "playchess.com"]
[Source "ChessBase"]
[SourceQuality "1"]
[TimeControl "40/5400+30:1800+30"]

1. e4 c5 2. Nf3 b6 3. c4 Bb7 4. Nc3 e6 5. Be2 d6 6. d4 cxd4 7. Nxd4 Nf6 8. f3 Nbd7 9. O-O Be7 10. Nc2 O-O 11. Be3 a6 12. Qd2 Rc8 13. Rfd1 Qc7 14. Rac1 Qb8 15. Kh1 Kh8 16. Bg1 Rg8 17. Ne3 Bc6 18. b4 g5 19. a3 Rg6 20. Qb2 Bb7 21. Rd2 Kg8 22. Rcd1 h5 23. c5 bxc5 24. bxc5 Nxc5 25. Nc4 Ne8 26. Rb1 Bf6 27. e5 Bxe5 28. Nxe5 dxe5 29. Bxc5 Rxc5 30. Ne4 Rc7 31. Bxa6 f5 32. Nf2 Rgg7 33. Rbd1 Rc8 34. Qa2 Nc7 35. Bxb7 Qxb7 36. Nd3 e4 37. fxe4 Qxe4 38. Re2 Qd5 39. Qa1 Qc4 40. Qe5 Rd8 41. Nb2 Rxd1+ 42. Nxd1 Rd7 43. Re1 Qd4 44. Qe2 Qd2 45. Qf1 Qd3 46. Qg1 Qxa3 47. Ne3 Qc3 48. Rc1 Qf6 49. Nc4 f4 50. Qe1 f3 51. gxf3 Qxf3+ 52. Kg1 Qg4+ 53. Kh1 Qf3+ 54. Kg1 Qf4 55. Ne5 Rg7 56. Rc2 g4 57. Rf2 Qd4 58. Nc6 Qc5 59. Qe4 Qd5 60. Qc2 h4 61. Rd2 Qf5 62. Qxf5 exf5 63. Rf2 Rd7 64. Rxf5 Ne6 65. Rf6 Rd1+ 66. Kf2 Ng7 67. Rf4 Rd2+ 68. Kg1 Rd1+ 69. Kf2 Rd2+ 70. Kg1 g3 71. Ne7+ Kh7 72. Rxh4+ Nh5 73. Rxh5+ Kg7 74. hxg3 Kf6 75. Nd5+ Kg7 76. Nf4 Rc2 77. Re5 Kf6 78. Re2 Rc4 79. Kf2 Kf5 80. Kf3 Kg5 81. Re5+ Kf6 82. Ra5 Rc3+ 83. Kg4 Rb3 84. Ra6+ Kg7 85. Nh5+ Kh7 86. Nf6+ Kg7 87. Ne4 Rb1 88. Kf4 Rf1+ 89. Kg5 Rb1 90. Ra7+ Kh8 91. Kg6 Rb8 92. Nf6 1-0

[Event "Netanya Open 2019"]
[Site "Netanya"]
[Date "2019.07.01"]
[Round "8.13"]
[White "Greenfeld, Alon"]
[Black "Gorshtein, Ido"]
[Result "0-1"]
[ECO "D26"]
[WhiteElo "2513"]
[BlackElo "2367"]
[Annotator "ChessBase"]
[PlyCount "58"]
[EventDate "2019.06.23"]
[EventType "swiss"]
[EventCountry "ISR"]
[SourceTitle "playchess.com"]
[Source "ChessBase"]
[SourceQuality "1"]
[TimeControl "40/5400+30:1800+30"]

1. Nf3 d5 2. d4 Nf6 3. c4 dxc4 4. e3 e6 5. Bxc4 a6 6. O-O b5 7. Bd3 Bb7 8. a4 b4 9. Nbd2 c5 10. e4 cxd4 11. e5 Nd5 12. Nc4 Nd7 13. Bg5 Qb8 14. a5 h6 15. Bh4 Nf4 16. Bc2 g5 17. Ba4 Bc5 18. Bg3 Bd5 19. Rc1 Ke7 20. Nxd4 Bxd4 21. Bxf4 Bxb2 22. Nxb2 gxf4 23. Bxd7 Rg8 24. f3 Qxe5 25. Qd2 Rad8 26. Qxb4+ Kf6 27. Bc6 Rb8 28. Qe1 Qxe1 29. Bd7 Ke5 0-1

[Event "Netanya Open 2019"]
[Site "Netanya"]
[Date "2019.07.01"]
[Round "8.14"]
[White "Rechlis, Gad"]
[Black "Globus, Or"]
[Result "1/2-1/2"]
[ECO "C78"]
[WhiteElo "2506"]
[BlackElo "2352"]
[Annotator "ChessBase"]
[PlyCount "74"]
[EventDate "2019.06.23"]
[EventType "swiss"]
[EventCountry "ISR"]
[SourceTitle "playchess.com"]
[Source "ChessBase"]
[SourceQuality "1"]
[TimeControl "40/5400+30:1800+30"]

1. e4 e5 2. Nf3 Nc6 3. Bb5 a6 4. Ba4 Nf6 5. O-O b5 6. Bb3 Bc5 7. a4 Rb8 8. c3 d6 9. d3 h6 10. Nbd2 O-O 11. Re1 Bb6 12. Nf1 Ne7 13. Ng3 Ng6 14. a5 Ba7 15. h3 Re8 16. Nf5 d5 17. Bxh6 gxh6 18. Qd2 Nf4 19. Nxh6+ Kg7 20. d4 Nxe4 21. Rxe4 dxe4 22. Nxf7 Qf6 23. dxe5 Qg6 24. Nh4 Nxh3+ 25. Kh2 Qh5 26. gxh3 Qxh4 27. Rg1+ Kf8 28. Rg3 Be6 29. Nh8 Qxh8 30. Qf4+ Ke7 31. Bxe6 Kxe6 32. Rg6+ Ke7 33. Qg5+ Kd7 34. Qg4+ Ke7 35. Qg5+ Kd7 36. Qg4+ Ke7 37. Qg5+ Kd7 1/2-1/2

[Event "Netanya Open 2019"]
[Site "Netanya"]
[Date "2019.07.01"]
[Round "8.15"]
[White "Parkhov, Yair"]
[Black "Zanan, Evgeny"]
[Result "1/2-1/2"]
[ECO "E73"]
[WhiteElo "2354"]
[BlackElo "2505"]
[Annotator "ChessBase"]
[PlyCount "42"]
[EventDate "2019.06.23"]
[EventType "swiss"]
[EventCountry "ISR"]
[SourceTitle "playchess.com"]
[Source "ChessBase"]
[SourceQuality "1"]
[TimeControl "40/5400+30:1800+30"]

1. d4 Nf6 2. c4 g6 3. Nc3 Bg7 4. e4 d6 5. Be2 O-O 6. Be3 Nc6 7. d5 Ne5 8. Nf3 Nfg4 9. Bd2 Nxf3+ 10. Bxf3 Ne5 11. Be2 e6 12. O-O f5 13. f4 Ng4 14. Bxg4 fxg4 15. Be3 e5 16. Qd2 Bd7 17. fxe5 Bxe5 18. Rxf8+ Qxf8 19. Bd4 Bf4 20. Be3 Be5 21. Bd4 Bf4 1/2-1/2

[Event "Netanya Open 2019"]
[Site "Netanya"]
[Date "2019.07.01"]
[Round "8.16"]
[White "Erenberg, Ariel"]
[Black "Gorodetzky, Matan"]
[Result "1-0"]
[ECO "E01"]
[WhiteElo "2434"]
[BlackElo "2303"]
[Annotator "NA"]
[PlyCount "109"]
[EventDate "2019.06.23"]
[EventType "swiss"]
[EventCountry "ISR"]
[SourceTitle "playchess.com"]
[Source "ChessBase"]
[SourceQuality "1"]
[TimeControl "40/5400+30:1800+30"]

1. c4 e6 2. g3 d5 3. Bg2 Nf6 4. Nf3 c5 5. O-O Nc6 6. d4 cxd4 7. Nxd4 Bc5 8. Nxc6 bxc6 9. b3 O-O 10. Bb2 Qe7 11. Nd2 e5 12. cxd5 cxd5 13. Nc4 Bb7 14. Nxe5 Rfe8 15. e3 Ba6 16. Re1 Qd6 17. Nd3 Bb6 18. Bxf6 Qxf6 19. Nb4 Bb7 20. Nxd5 Bxd5 21. Bxd5 Rad8 22. Qf3 Qxf3 23. Bxf3 Rd2 24. Re2 Red8 25. Rae1 Ba5 26. Rxd2 Rxd2 27. Re2 Rd1+ 28. Kg2 Rc1 29. Bd5 Kf8 30. e4 Ke7 31. f4 f6 32. e5 fxe5 33. fxe5 Bc3 34. Bc4 Rd1 35. e6 Rd2 36. Rxd2 Bxd2 37. Kf3 Kd6 38. Ke4 Bc3 39. g4 a5 40. h4 Be1 41. h5 h6 42. a3 Bc3 43. Bd5 Bb2 44. b4 a4 45. b5 Bxa3 46. b6 Ke7 47. Ba2 Bc5 48. b7 Bd6 49. Kf5 Kf8 50. Kg6 Be5 51. g5 hxg5 52. h6 gxh6 53. Kf5 Bd6 54. Kf6 Ke8 55. e7 1-0

[Event "Netanya Open 2019"]
[Site "Netanya"]
[Date "2019.07.01"]
[Round "8.17"]
[White "Shubin, Kirill"]
[Black "Tifferet, Shaked"]
[Result "1-0"]
[ECO "C92"]
[WhiteElo "2426"]
[BlackElo "2249"]
[Annotator "NA"]
[PlyCount "107"]
[EventDate "2019.06.23"]
[EventType "swiss"]
[EventCountry "ISR"]
[SourceTitle "playchess.com"]
[Source "ChessBase"]
[SourceQuality "1"]
[TimeControl "40/5400+30:1800+30"]

1. e4 e5 2. Nf3 Nc6 3. Bb5 a6 4. Ba4 Nf6 5. O-O Be7 6. Re1 b5 7. Bb3 d6 8. c3 O-O 9. h3 Bb7 10. d4 Re8 11. Nbd2 exd4 12. cxd4 Nd7 13. Nf1 Na5 14. Bc2 Bf6 15. Bf4 Nf8 16. Ng3 Ne6 17. Bc1 c5 18. d5 Nd4 19. Nxd4 Bxd4 20. Rb1 Nc4 21. b3 Nb6 22. Nf5 Be5 23. Bd2 b4 24. Qf3 Bc8 25. g4 a5 26. Bd3 a4 27. Kh1 axb3 28. axb3 Bxf5 29. gxf5 Ra2 30. Be3 Qf6 31. Rg1 h6 32. Rg2 Ra1 33. Rxa1 Bxa1 34. Rg1 Ra8 35. Qg3 Be5 36. f4 Bc3 37. Bxc5 Nxd5 38. Bf2 Ne7 39. Qg4 Ra1 40. Bb1 Kf8 41. Rd1 d5 42. e5 Qc6 43. Rg1 d4+ 44. Kh2 Ke8 45. Qxg7 Qf3 46. Qg3 Qxg3+ 47. Kxg3 f6 48. Kf3 Ra5 49. Be4 Kf7 50. Bh4 fxe5 51. f6 Nc8 52. Rg7+ Kf8 53. Rd7 Rc5 54. Bg6 1-0

[Event "Netanya Open 2019"]
[Site "Netanya"]
[Date "2019.07.01"]
[Round "8.18"]
[White "Kantsler, Boris"]
[Black "Musyuk, Lior"]
[Result "1-0"]
[ECO "D58"]
[WhiteElo "2420"]
[BlackElo "2190"]
[Annotator "NA"]
[PlyCount "87"]
[EventDate "2019.06.23"]
[EventType "swiss"]
[EventCountry "ISR"]
[SourceTitle "playchess.com"]
[Source "ChessBase"]
[SourceQuality "1"]
[TimeControl "40/5400+30:1800+30"]

1. d4 Nf6 2. c4 e6 3. Nc3 d5 4. Bg5 Be7 5. e3 h6 6. Bh4 O-O 7. Nf3 b6 8. Bd3 Bb7 9. O-O Ne4 10. Bg3 Nxg3 11. hxg3 Nd7 12. Qe2 Nf6 13. Rfd1 Ne4 14. Rac1 a5 15. Qc2 Nxc3 16. Qxc3 c5 17. dxc5 bxc5 18. cxd5 exd5 19. Bc4 d4 20. exd4 Bxf3 21. Qxf3 cxd4 22. Bd5 Rc8 23. Rxc8 Qxc8 24. Rxd4 Qc1+ 25. Kh2 Qxb2 26. Rf4 Bf6 27. Bb3 Qc3 28. Qh5 Qe5 29. Rf5 Qb2 30. Rxa5 Qxf2 31. Bxf7+ Kh8 32. Rf5 Qe3 33. a4 Bd4 34. Rf1 Ba7 35. a5 Bd4 36. a6 Ba7 37. Qg6 Qe7 38. Qh5 Qe3 39. Qb5 Bb8 40. Rf3 Qe7 41. Be6 Rxf3 42. Qxb8+ Rf8 43. a7 Qa3 44. Bd5 1-0

[Event "Netanya Open 2019"]
[Site "Netanya"]
[Date "2019.07.01"]
[Round "8.19"]
[White "Cohen Revivo, Shoham"]
[Black "Veinberg, Nimrod"]
[Result "1/2-1/2"]
[ECO "C45"]
[WhiteElo "2240"]
[BlackElo "2401"]
[Annotator "NA"]
[PlyCount "106"]
[EventDate "2019.06.23"]
[EventType "swiss"]
[EventCountry "ISR"]
[SourceTitle "playchess.com"]
[Source "ChessBase"]
[SourceQuality "1"]
[TimeControl "40/5400+30:1800+30"]

1. e4 e5 2. Nf3 Nc6 3. d4 exd4 4. Nxd4 Bc5 5. Nb3 Bb6 6. Nc3 a5 7. Nd5 Ba7 8. Qg4 Kf8 9. Bg5 f6 10. Be3 Bxe3 11. Nxe3 d6 12. Qd1 Qe8 13. Nd2 g6 14. Bc4 Ne5 15. Be2 Ne7 16. f4 Nd7 17. O-O Kg7 18. c3 Nc6 19. Nd5 Qd8 20. Bd3 Nc5 21. Bc2 Be6 22. Qf3 Bf7 23. Rae1 Rf8 24. Qg3 Qd7 25. h4 Ne7 26. Ne3 d5 27. f5 dxe4 28. Nxe4 Nxe4 29. Bxe4 Qd6 30. Qf3 Bxa2 31. fxg6 hxg6 32. h5 Qc5 33. hxg6 f5 34. Qh5 Rh8 35. Qg5 Raf8 36. Bf3 Be6 37. g3 Rf6 38. Kg2 Rxg6 39. Qxe7+ Qxe7 40. Nxf5+ Bxf5 41. Rxe7+ Kf6 42. Rfe1 Rhg8 43. Rxc7 Rxg3+ 44. Kf2 Rh3 45. Rh1 Rxh1 46. Bxh1 Rh8 47. Bg2 b5 48. Rc6+ Kg5 49. Rc5 Kf4 50. Rxb5 Rh2 51. Kg1 Kg3 52. Rxf5 Rxg2+ 53. Kf1 Rxb2 1/2-1/2

[Event "Netanya Open 2019"]
[Site "Netanya"]
[Date "2019.07.01"]
[Round "8.20"]
[White "Kuzubov, Yuriy"]
[Black "Lahav, Michal"]
[Result "1-0"]
[ECO "D00"]
[WhiteElo "2671"]
[BlackElo "2178"]
[Annotator "RC"]
[PlyCount "37"]
[EventDate "2019.06.23"]
[EventType "swiss"]
[EventCountry "ISR"]
[SourceTitle "playchess.com"]
[Source "ChessBase"]
[SourceQuality "1"]
[TimeControl "40/5400+30:1800+30"]

1. d4 Nf6 2. Bg5 e6 3. Nd2 d5 4. e3 b6 5. c3 Be7 6. Bd3 O-O 7. Qc2 Ba6 8. Bxa6 Nxa6 9. Ngf3 Nd7 10. h4 Re8 11. Qd3 Nab8 12. c4 dxc4 13. Nxc4 c5 14. Nd6 Rf8 15. d5 exd5 16. Qxd5 Na6 17. Nf5 Nf6 18. Qb7 Nc7 19. Rd1 1-0

[Event "Netanya Open 2019"]
[Site "Netanya"]
[Date "2019.07.01"]
[Round "8.21"]
[White "Abergel, Thal"]
[Black "Lukin, Elisha"]
[Result "1-0"]
[ECO "A11"]
[WhiteElo "2450"]
[BlackElo "2196"]
[Annotator "ChessBase"]
[PlyCount "87"]
[EventDate "2019.06.23"]
[EventType "swiss"]
[EventCountry "ISR"]
[SourceTitle "playchess.com"]
[Source "ChessBase"]
[SourceQuality "1"]
[TimeControl "40/5400+30:1800+30"]

1. Nf3 Nf6 2. c4 c6 3. g3 d5 4. Bg2 Bg4 5. Ne5 Bf5 6. cxd5 cxd5 7. Nc3 Nc6 8. Qa4 Bd7 9. Nxd7 Qxd7 10. b4 b5 11. Nxb5 Rb8 12. Ba3 Nxb4 13. Bxb4 Qxb5 14. Qxb5+ Rxb5 15. Bc3 e6 16. O-O Nd7 17. Rfb1 Rxb1+ 18. Rxb1 Bc5 19. Bxg7 Rg8 20. Bc3 Rg4 21. d4 Bb6 22. e3 Rg8 23. a4 Ke7 24. Bb4+ Kd8 25. Bf1 a5 26. Bd6 Bc7 27. Ba3 Nb6 28. Bb5 Nc8 29. Bd3 f5 30. Rb7 Nb6 31. Bd6 Bxd6 32. Rxb6 Ke7 33. Rb7+ Kf6 34. Rxh7 Be7 35. Bb5 Rb8 36. Kg2 Ra8 37. h3 Rg8 38. Kf3 Rf8 39. Ke2 Rg8 40. Kd3 Rf8 41. g4 Bb4 42. f4 Kg6 43. Rc7 Rh8 44. Bd7 1-0

[Event "Netanya Open 2019"]
[Site "Netanya"]
[Date "2019.07.01"]
[Round "8.22"]
[White "Bilych, Olexiy"]
[Black "Emanuel, Yahav"]
[Result "0-1"]
[ECO "C77"]
[WhiteElo "2203"]
[BlackElo "2359"]
[Annotator "NA"]
[PlyCount "58"]
[EventDate "2019.06.23"]
[EventType "swiss"]
[EventCountry "ISR"]
[SourceTitle "playchess.com"]
[Source "ChessBase"]
[SourceQuality "1"]
[TimeControl "40/5400+30:1800+30"]

1. e4 e5 2. Nf3 Nc6 3. Bb5 a6 4. Ba4 Nf6 5. d3 d6 6. c3 g6 7. O-O Bg7 8. h3 O-O 9. Be3 Bd7 10. Nbd2 Qe7 11. Re1 Rae8 12. Bc2 Nh5 13. d4 Nd8 14. d5 f5 15. exf5 Bxf5 16. Bxf5 gxf5 17. Nxe5 dxe5 18. Qxh5 f4 19. Bd4 Qd6 20. Nc4 Qxd5 21. Rxe5 Rxe5 22. Bxe5 Nf7 23. Rd1 Qxc4 24. Bxg7 Kxg7 25. Rd5 Qxa2 26. Qg4+ Kh8 27. Rf5 Qb1+ 28. Kh2 Qe4 29. Qh5 Rg8 0-1

[Event "Netanya Open 2019"]
[Site "Netanya"]
[Date "2019.07.01"]
[Round "8.23"]
[White "Sivan, Yaacov"]
[Black "Guz, Ari"]
[Result "1-0"]
[ECO "B42"]
[WhiteElo "2320"]
[BlackElo "2151"]
[Annotator "NA"]
[PlyCount "81"]
[EventDate "2019.06.23"]
[EventType "swiss"]
[EventCountry "ISR"]
[SourceTitle "playchess.com"]
[Source "ChessBase"]
[SourceQuality "1"]
[TimeControl "40/5400+30:1800+30"]

1. e4 c5 2. Nf3 e6 3. d4 cxd4 4. Nxd4 a6 5. Bd3 g6 6. c4 Bg7 7. Be3 Ne7 8. Nc3 O-O 9. Qb3 Nbc6 10. Nxc6 Nxc6 11. Qb6 Qxb6 12. Bxb6 Bd4 13. Na4 d6 14. Rd1 Bxb6 15. Nxb6 Rb8 16. Bb1 Rd8 17. f4 e5 18. f5 Nd4 19. O-O Bd7 20. Rf2 gxf5 21. exf5 Bc6 22. f6 d5 23. Re1 dxc4 24. Nxc4 Bb5 25. b3 Bxc4 26. bxc4 Ne6 27. Rf5 Rbc8 28. Rh5 Nf8 29. Rg5+ Kh8 30. Rg7 Rxc4 31. Rxf7 b5 32. h3 Rcd4 33. Kh2 R4d7 34. Re7 Rd6 35. Rf1 Ng6 36. Rg7 Rg8 37. Rf7 Nf8 38. Rf5 Rd7 39. Re7 Rd2 40. Be4 Ng6 41. Rxh7+ 1-0

[Event "Netanya Open 2019"]
[Site "Netanya"]
[Date "2019.07.01"]
[Round "8.24"]
[White "Parligras, Cosmin"]
[Black "Goikhman, Valentin"]
[Result "1-0"]
[ECO "B51"]
[WhiteElo "2198"]
[BlackElo "2320"]
[Annotator "NA"]
[PlyCount "113"]
[EventDate "2019.06.23"]
[EventType "swiss"]
[EventCountry "ISR"]
[SourceTitle "playchess.com"]
[Source "ChessBase"]
[SourceQuality "1"]
[TimeControl "40/5400+30:1800+30"]

1. e4 c5 2. Nf3 d6 3. Bb5+ Nc6 4. O-O Nf6 5. e5 dxe5 6. Bxc6+ bxc6 7. Nxe5 Nd7 8. Nxd7 Qxd7 9. d3 g6 10. Nd2 Bg7 11. Rb1 O-O 12. b3 Re8 13. Qe2 f5 14. Bb2 Bxb2 15. Rxb2 Qd4 16. Rbb1 e5 17. Rfe1 Ba6 18. Nf3 Qc3 19. Nxe5 f4 20. g3 Re6 21. gxf4 Rf8 22. Qg4 Bc8 23. Qg3 Qxc2 24. Rbc1 Qd2 25. Qe3 Qxa2 26. Qxc5 Qd2 27. Qe3 Qb4 28. Rxc6 Qxb3 29. Qxa7 Qb4 30. Qe3 Rxc6 31. Nxc6 Qd6 32. Ne7+ Kf7 33. Nxc8 Rxc8 34. Qh3 Rh8 35. Re4 Kg7 36. Ra4 Re8 37. Ra7+ Re7 38. Rxe7+ Qxe7 39. Qe3 Qh4 40. Qe5+ Kf7 41. Qg5 Qh3 42. Qd5+ Kg7 43. Qe5+ Kf7 44. Qe3 Qg4+ 45. Qg3 Qd1+ 46. Kg2 h5 47. h3 Qb3 48. Qf3 Kf6 49. Qe4 Qc2 50. Qd4+ Ke7 51. Qg7+ Kd8 52. Qxg6 h4 53. Qe4 Qd2 54. d4 Qa2 55. d5 Qb2 56. Qe5 Qb1 57. d6 1-0

[Event "Netanya Open 2019"]
[Site "Netanya"]
[Date "2019.07.01"]
[Round "8.25"]
[White "Rozen, Eytan"]
[Black "Aizenberg, Benny"]
[Result "1-0"]
[ECO "D32"]
[WhiteElo "2317"]
[BlackElo "2156"]
[Annotator "NA"]
[PlyCount "111"]
[EventDate "2019.06.23"]
[EventType "swiss"]
[EventCountry "ISR"]
[SourceTitle "playchess.com"]
[Source "ChessBase"]
[SourceQuality "1"]
[TimeControl "40/5400+30:1800+30"]

1. d4 d5 2. c4 e6 3. Nf3 c5 4. cxd5 exd5 5. Nc3 Nc6 6. e3 Nf6 7. Bb5 Bg4 8. O-O Bd6 9. dxc5 Bxc5 10. h3 Bh5 11. g4 Bg6 12. g5 Ne4 13. Qxd5 Qxd5 14. Nxd5 O-O 15. Nf4 Rad8 16. b3 Be7 17. h4 h6 18. Bxc6 bxc6 19. Ne5 hxg5 20. Nfxg6 fxg6 21. Nxc6 Bf6 22. Nxd8 Rxd8 23. Rb1 gxh4 24. Bb2 Rd2 25. Bxf6 Nxf6 26. a4 Ng4 27. Rfd1 Ra2 28. Rd8+ Kf7 29. Rd7+ Kf6 30. Rxa7 h3 31. Rf1 Kg5 32. Rxg7 Rb2 33. Rh7 h2+ 34. Rxh2 Nxh2 35. Kxh2 Rxb3 36. Ra1 Kg4 37. a5 Kf3 38. a6 Rb8 39. a7 Ra8 40. Kg1 g5 41. Ra2 g4 42. Ra3 g3 43. e4+ Kxe4 44. fxg3 Kf5 45. Ra4 Kg5 46. Kg2 Kf5 47. g4+ Ke5 48. Kg3 Ke6 49. Ra5 Kf6 50. g5+ Ke6 51. Kg4 Kd6 52. g6 Ke6 53. Kg5 Ke7 54. Ra6 Ke8 55. Kf6 Kf8 56. Rb6 1-0

[Event "Netanya Open 2019"]
[Site "Netanya"]
[Date "2019.07.01"]
[Round "8.26"]
[White "Aharon, Ofir"]
[Black "Hoffmann, Yair"]
[Result "1-0"]
[ECO "B12"]
[WhiteElo "2302"]
[BlackElo "2140"]
[Annotator "NA"]
[PlyCount "53"]
[EventDate "2019.06.23"]
[EventType "swiss"]
[EventCountry "ISR"]
[SourceTitle "playchess.com"]
[Source "ChessBase"]
[SourceQuality "1"]
[TimeControl "40/5400+30:1800+30"]

1. e4 c6 2. d4 d5 3. e5 Bf5 4. g4 Bd7 5. Nc3 e6 6. Be3 Qc7 7. f4 h5 8. gxh5 Nh6 9. Bh3 c5 10. Nf3 cxd4 11. Nxd4 Bb4 12. Bd2 Na6 13. a3 Bxc3 14. Bxc3 Nc5 15. O-O Na4 16. Rf3 Rc8 17. Qd2 Qb6 18. Rg3 O-O 19. Kh1 Nxc3 20. bxc3 Kh8 21. Rag1 Rg8 22. f5 Nxf5 23. Bxf5 exf5 24. e6 fxe6 25. Rxg7 e5 26. Qg5 Rgd8 27. Rh7+ 1-0

[Event "Netanya Open 2019"]
[Site "Netanya"]
[Date "2019.07.01"]
[Round "8.27"]
[White "Itzhaky, Shmuel"]
[Black "Friedland, Moshe"]
[Result "1/2-1/2"]
[ECO "D15"]
[WhiteElo "2130"]
[BlackElo "2298"]
[Annotator "NA"]
[PlyCount "74"]
[EventDate "2019.06.23"]
[EventType "swiss"]
[EventCountry "ISR"]
[SourceTitle "playchess.com"]
[Source "ChessBase"]
[SourceQuality "1"]
[TimeControl "40/5400+30:1800+30"]

1. e3 Nf6 2. Nf3 d5 3. c4 c6 4. Nc3 a6 5. d4 Bf5 6. Nh4 Bg4 7. f3 Bc8 8. f4 e6 9. Nf3 dxc4 10. Bxc4 b5 11. Be2 c5 12. O-O Bb7 13. Ne5 cxd4 14. Bf3 Ra7 15. exd4 Be7 16. f5 O-O 17. Bxb7 Rxb7 18. Qf3 Qxd4+ 19. Kh1 Nd5 20. Ng4 Rd7 21. Rd1 Qc5 22. Ne4 Qc2 23. Rd2 Qa4 24. b3 Qa5 25. f6 gxf6 26. Ngxf6+ Nxf6 27. Nxf6+ Bxf6 28. Qxf6 Qd8 29. Qf4 f6 30. Rxd7 Qxd7 31. Ba3 Rd8 32. Rf1 Qg7 33. h3 Nc6 34. Kh2 Rd4 35. Qxf6 Qxf6 36. Rxf6 Rd2 37. Rxe6 Nd4 1/2-1/2

[Event "Netanya Open 2019"]
[Site "Netanya"]
[Date "2019.07.01"]
[Round "8.28"]
[White "Poleg, Dan"]
[Black "Yaniv, Yuval"]
[Result "0-1"]
[ECO "A48"]
[WhiteElo "2271"]
[BlackElo "2120"]
[Annotator "NA"]
[PlyCount "100"]
[EventDate "2019.06.23"]
[EventType "swiss"]
[EventCountry "ISR"]
[SourceTitle "playchess.com"]
[Source "ChessBase"]
[SourceQuality "1"]
[TimeControl "40/5400+30:1800+30"]

1. d4 Nf6 2. Nf3 g6 3. Nbd2 c5 4. dxc5 Qa5 5. c3 Qxc5 6. e4 d6 7. Qc2 Bg7 8. Bd3 O-O 9. Nb3 Qc7 10. O-O Nbd7 11. h3 a6 12. a4 b6 13. Bf4 Bb7 14. Qe2 Ne5 15. Nbd2 Nxd3 16. Qxd3 Nd7 17. Rfc1 Nc5 18. Qe3 Qc6 19. Bh6 e5 20. Bxg7 Kxg7 21. Nd4 Qd7 22. b4 Nxa4 23. Nf5+ Kh8 24. Nxd6 Qxd6 25. Rxa4 Qc6 26. Raa1 Rfd8 27. Rd1 Rd6 28. Nf3 f6 29. Rxd6 Qxd6 30. Ra2 Rd8 31. h4 Qc6 32. Rd2 Rxd2 33. Nxd2 Kg7 34. c4 a5 35. b5 Qd6 36. c5 Qxc5 37. Qxc5 bxc5 38. Nb3 a4 39. Nxc5 a3 40. f3 a2 41. Nb3 f5 42. exf5 gxf5 43. Kf2 Bd5 44. b6 Bxb3 45. b7 a1=Q 46. b8=Q Qd4+ 47. Kg3 Bf7 48. Qc8 f4+ 49. Kh2 Qd6 50. Qf5 Qf6 0-1

[Event "Netanya Open 2019"]
[Site "Netanya"]
[Date "2019.07.01"]
[Round "8.29"]
[White "Slobodiansky, Steven"]
[Black "Tzidkiya, Yeshaayahu"]
[Result "0-1"]
[WhiteElo "2088"]
[BlackElo "2247"]
[PlyCount "52"]
[EventDate "2019.06.23"]
[EventType "swiss"]
[EventRounds "9"]
[EventCountry "ISR"]
[TimeControl "40/5400+30:1800+30"]

1. e4 c5 2. Nf3 Nc6 3. d4 cxd4 4. Nxd4 g6 5. Nc3 Bg7 6. Be3 Nf6 7. Bc4 O-O 8. Bb3 d6 9. f3 Bd7 10. Qd2 Rc8 11. O-O-O Nxd4 12. Bxd4 b5 13. a3 a5 14. Nd5 Nxd5 15. Bxg7 Kxg7 16. exd5 Kg8 17. g4 b4 18. axb4 axb4 19. h4 Qa5 20. Qd4 e5 21. dxe6 Bxe6 22. Bxe6 fxe6 23. b3 Rxf3 24. Qb2 Rf2 25. Rhe1 Rcxc2+ 26. Qxc2 Qa1+ 0-1

[Event "Netanya Open 2019"]
[Site "Netanya"]
[Date "2019.07.01"]
[Round "8.30"]
[White "Prraneeth Vuppala"]
[Black "Neiman, Maks"]
[Result "1-0"]
[WhiteElo "2297"]
[BlackElo "1954"]
[PlyCount "149"]
[EventDate "2019.06.23"]
[EventType "swiss"]
[EventRounds "9"]
[EventCountry "ISR"]
[TimeControl "40/5400+30:1800+30"]

1. d4 Nf6 2. c4 e6 3. g3 c5 4. d5 exd5 5. cxd5 d6 6. Nc3 g6 7. Bg2 Bg7 8. Nf3 O-O 9. O-O Re8 10. Bf4 a6 11. a4 Nh5 12. Bg5 Qc7 13. Nd2 h6 14. Be3 Nd7 15. Nc4 Ne5 16. Nxe5 Rxe5 17. Bd2 Nf6 18. e4 Rb8 19. a5 Bd7 20. Re1 Ree8 21. Na4 Bb5 22. Rc1 Nd7 23. b4 c4 24. Bf1 Rbc8 25. Bc3 Qd8 26. Bxg7 Kxg7 27. Nc3 Qf6 28. f4 g5 29. Bh3 Rcd8 30. Bf5 Nf8 31. fxg5 hxg5 32. Rf1 Qh6 33. Nxb5 axb5 34. Qg4 Ng6 35. Bxg6 Qxg6 36. Rf5 f6 37. Rcf1 Rf8 38. h4 gxh4 39. Qxh4 Rf7 40. Qf4 Rff8 41. Qf3 Rde8 42. Kg2 Qh6 43. Rf4 Re5 44. Rh1 Qg6 45. Rf5 Rfe8 46. Rh4 Kf7 47. Rxf6+ Qxf6 48. Rh7+ Kg6 49. Rh6+ Kxh6 50. Qxf6+ Kh7 51. Qf7+ Kh6 52. Qxb7 Rxe4 53. Qc7 Kg5 54. Qg7+ Kf5 55. a6 Re2+ 56. Kh3 R2e7 57. Qg4+ Ke5 58. a7 Kxd5 59. Qf3+ Re4 60. Qf5+ R4e5 61. Qd7 Kd4 62. Qxd6+ Kc3 63. Qxe5+ Rxe5 64. a8=Q Kxb4 65. Qa2 c3 66. g4 Re3+ 67. Kh4 Rd3 68. g5 Rd2 69. Qb1+ Kc4 70. g6 c2 71. Qf1+ Kc3 72. g7 Rd1 73. Qf3+ Kd2 74. g8=Q c1=Q 75. Qgg2+ 1-0